 Dungeon Crawl Stone Soup version 0.27-a0-1049-g450f9b2e0d (webtiles) character file.

Game seed: 4469225699272800281

138 kae the Ruffian (level 5, -1/45 HPs)
             Began as a Naga Transmuter on Apr 20, 2021.
             Slain by a worm (11 damage)
             ... on level 2 of the Dungeon.
             The game lasted 00:01:30 (2724 turns).

kae the Ruffian (Naga Transmuter)                   Turns: 2724, Time: 00:01:30

Health: -1/45      AC:  2    Str: 13    XL:     5   Next: 21%
Magic:  2/8        EV: 10    Int: 14    God:
Gold:   98         SH:  0    Dex: 11    Spells: 4/8 levels left

rFire    . . .     SeeInvis +     - Unarmed
rCold    . . .     Faith    .   (no shield)
rNeg     . . .     Spirit   .   a - +0 robe
rPois    +         Reflect  .   (no helmet)
rElec    .         Harm     .   (no cloak)
rCorr    .         Rampage  .   (no gloves)
Will     .....                  (no barding)
Stlth    +.........             (no amulet)
HPRegen  0.15/turn              (no ring)
MPRegen  0.11/turn              (no ring)

@: very slightly contaminated, very slow
A: AC +1, large, see invisible, deformed body, poison resistance, slowness 2,
spit poison 1, naga tail 1
a: Spit Poison


You were on level 2 of the Dungeon.
You visited 1 branch of the dungeon, and saw 2 of its levels.

You collected 98 gold pieces.

Inventory:

Armour
 a - a +0 robe (worn)
Jewellery
 d - a ring of wizardry
 g - a ring of positive energy
Scrolls
 b - a scroll of immolation {unknown}
 c - a scroll of noise
Potions
 e - a potion of invisibility
 f - a potion of ambrosia
 h - a potion of attraction {unknown}


   Skills:
 + Level 1.8 Fighting
 + Level 2.1 Dodging
 * Level 3.9 Unarmed Combat
 + Level 2.4 Spellcasting
 * Level 3.3 Transmutations


You had 4 spell levels left.
You knew the following spells:

 Your Spells              Type           Power      Damage    Failure   Level
a - Beastly Appendage     Tmut           22%        N/A       6%          1
b - Spider Form           Tmut/Pois      3%         N/A       34%         3

Your spell library contained the following spells:

 Spells                   Type           Power      Damage    Failure   Level
 Wereblood                Tmut           11%        N/A       9%          2
 Ice Form                 Ice/Tmut       6%         N/A       75%         4
 Hydra Form               Tmut           5%         N/A       85%         5


Dungeon Overview and Level Annotations

Branches:
Dungeon (2/15)

Altars:


Innate Abilities, Weirdness & Mutations

Your serpentine skin is tough. (AC +1)
You have supernaturally acute eyesight. (SInv)
Armour fits poorly on your strangely shaped body.
Your system is resistant to poisons. (rPois)
You cover ground very slowly.
You can spit poison.
You have a snake-like lower body.


Message History

You barely miss the worm.
The worm is heavily wounded.
The worm bites you.
You barely miss the worm.
The worm is heavily wounded.
The endoplasm hits you. The worm closely misses you.
You hit the worm.
The worm is severely wounded.
The endoplasm freezes you.
You are frozen.
You are too injured to fight recklessly!
You are too injured to fight recklessly!
You are too injured to fight recklessly!
You are too injured to fight recklessly!
You are too injured to fight recklessly!
Casting: Beastly Appendage (safe; 6% risk of failure)
Confirm with . or Enter, or press ? or * to list all spells.
The spell is quite dangerous to cast (34% risk of failure)!
Continue anyway? [Y]es or [N]o only, please.
The spell is quite dangerous to cast (34% risk of failure)!
Continue anyway?
You miscast Spider Form.
You are very lightly contaminated with residual magic.
You feel odd. You resist. The worm bites you! The endoplasm barely misses you.
You barely miss the worm.
The worm is heavily wounded.
The worm closely misses you. The endoplasm barely misses you.
You hit the worm.
The worm is almost dead.
The worm bites you.
* * * LOW HITPOINT WARNING * * *
The endoplasm hits you.
* * * LOW HITPOINT WARNING * * *
Okay, then.
Casting: Spider Form (quite dangerous; 34% risk of failure)
Confirm with . or Enter, or press ? or * to list all spells.
The spell is quite dangerous to cast (34% risk of failure)!
Continue anyway? [Y]es or [N]o only, please.
The spell is quite dangerous to cast (34% risk of failure)!
Continue anyway?
You miscast Spider Form.
Nothing appears to happen.
The worm bites you!
You die...

##+#### ........# ....
........###.....
#........#.......
.................
................ .
...............> ..
......w......######+##..
#.w@................
###.J.................
........).....†........
.....###.....?..........
..... #..#..............
.... #...#.)..††........
... #..)#...(#†##......
... #..##.####.##......
.....⌠.....##......


You could see 2 worms and an endoplasm.

Vanquished Creatures
  A water moccasin skeleton (D:2)
  Robin (D:2)
  2 adders (D:2)
  An orc (D:2)
  6 ball pythons
  2 bats (D:1)
  2 endoplasms
  2 giant cockroaches (D:1)
  12 goblins
  9 hobgoblins
  3 jackals (D:1)
  12 frilled lizards (D:1)
  2 kobolds
  5 rats
60 creatures vanquished.

Vanquished Creatures (others)
  5 plants (D:1)
5 creatures vanquished.

Grand Total: 65 creatures vanquished

Notes
Turn   | Place    | Note
-------+----------+-------------------------------------------
     0 | D:1      | kae the Naga Transmuter began the quest for the Orb.
     0 | D:1      | Reached XP level 1. HP: 18/18 MP: 3/3
   351 | D:1      | Reached XP level 2. HP: 21/25 MP: 3/5
  1101 | D:1      | Reached XP level 3. HP: 11/31 MP: 4/6
  1372 | D:1      | Learned a level 3 spell: Spider Form
  1673 | D:1      | Found a faded altar of an unknown god.
  2009 | D:2      | Reached XP level 4. HP: 4/38 MP: 7/7
  2335 | D:2      | Noticed Robin
  2352 | D:2      | Killed Robin
  2365 | D:2      | Reached XP level 5. HP: 38/45 MP: 6/8
  2724 | D:2      | Slain by a worm

Illustrated notes

Levels and vault maps discovered:
D:1:      moated_graveyard_arrival, layout_basic,
          shapermc_ecumenical_altar_mp_vishouse, minmay_lizard_king
D:2:      layout_basic, serial_corexii_hall, chequers_hall_statues_y,
          corexii_hall_statues_x, corexii_hall_statues_u, minmay_pentomino_q4,
          uniq_robin

Skill      XL: |  1  2  3 |
---------------+----------+-----
Dodging        | 2 |  2.1
Transmutations | 3 |  3.3
Fighting       | |  1.8
Unarmed Combat | |  3.9
Spellcasting   | |  2.4

Action                   |  1- 3 |  4- 6 || total
-------------------------+-------+-------++-------
Melee: Unarmed           |    87 |    54 ||   141
       Headbutt          |     7 |       ||     7
       Punch             |     1 |     2 ||     3
 Cast: Beastly Appendage |    15 |     4 ||    19
       Spider Form       |       |     3 ||     3
 Abil: Spit Poison       |    24 |     3 ||    27
  Use: Scroll            |     4 |       ||     4
Armor: Robe              |    21 |     6 ||    27
       Skin              |       |     4 ||     4
Dodge: Dodged            |    47 |    42 ||    89

Table legend: (Time is in decaauts)
 A = Elapsed time spent in this place.
 B = Non-inter-level travel time spent in this place.
 C = Inter-level travel time spent in this place.
 D = Time resting spent in this place.
 E = Time spent auto-exploring this place.
 F = Levels seen in this place.
 G = Mean time per level.
                   A        B        C        D        E       F      G
               +--------+--------+--------+--------+--------+-----+--------+
         Total |   3128 |   3111 |     17 |    222 |   2544 |   2 | 1564.0 |
       Dungeon |   3128 |   3111 |     17 |    222 |   2544 |   2 | 1564.0 |
               +--------+--------+--------+--------+--------+-----+--------+

Top non-repeatable levels by time:
     D:1: 2204 daAuts
     D:2: 924 daAuts
